 Dungeon Crawl Stone Soup version 0.18-a0-1526-gcb34c7c (console) character file.

161 utis the Vexing (level 5, 27/30 HPs)
             Began as a Deep Elf Arcane Marksman on Mar 8, 2016.
             Quit the game on level 2 of the Dungeon.
             The game lasted 00:21:42 (6289 turns).

utis the Vexing (Deep Elf Arcane Marksman)          Turns: 6289, Time: 00:21:42

Health: 27/30      AC:  6    Str:  9    XL:     5   Next: 19%
Magic:  11/11      EV: 13    Int: 18    God:
Gold:   98         SH:  0    Dex: 14    Spells: 4 memorised, 2 levels left

rFire  . . .     SeeInvis .     d - +0 longbow
rCold  . . .     Gourm    .     h - +1 leather armour
rNeg   . . .     Faith    .     (shield currently unavailable)
rPois  .         Spirit   .     B - +0 helmet
rElec  .         Dismiss  .     A - +0 cloak
rCorr  .         Reflect  .     (no gloves)
SustAt .         Harm     .     (no boots)
MR     .....                    (no amulet)
Stlth  +.........               (no ring)
                                (no ring)

@: not resistant to hostile enchantments, very unstealthy
A: no striking features
a: no special abilities


You were on level 2 of the Dungeon.
You were near starving.

You visited 1 branch of the dungeon, and saw 3 of its levels.

You collected 98 gold pieces.

Inventory:

Hand Weapons
 a - a +0 whip
 d - a +0 longbow (weapon)
 j - a +0 dagger
 k - a +0 short sword
 t - a +1 dagger of holy wrath
Missiles
 e - 60 stones
 v - 14 arrows (quivered)
Armour
 h - a +1 leather armour (worn)
 i - a +0 robe
 A - a +0 cloak (worn)
 B - a +0 helmet (worn)
 C - a +0 helmet
 D - a +0 scale mail
Jewellery
 w - an uncursed ring of protection from fire {unknown}
 y - an uncursed ring of positive energy {unknown}
Scrolls
 c - a scroll of immolation
 l - a scroll of remove curse {unknown}
 o - a scroll of teleportation {unknown}
 p - a scroll of recharging {unknown}
 r - a scroll of enchant weapon {unknown}
 x - 2 scrolls of magic mapping
Potions
 g - a potion of invisibility
 m - a potion of might {unknown}
 z - a potion of curing {@q1}
Books
 b - a book of Debilitation

   Spells                             Type                      Level
   a - Corona                         Hexes                        1
   b - Slow                           Hexes                        2
   c - Gell's Gravitas                Hexes/Translocation          3
   d - Inner Flame                    Hexes/Fire                   3
   e - Cause Fear                     Hexes                        4
   f - Leda's Liquefaction            Hexes/Earth                  4
 u - a book of Party Tricks

   Spells                             Type                      Level
   a - Summon Butterflies             Summoning                    1
   b - Apportation                    Translocation                1
   c - Tukima's Dance                 Hexes                        3
   d - Alistair's Intoxication        Transmutation/Poison         5
   e - Invisibility                   Hexes                        6
Comestibles
 f - 2 bread rations {@e1}
 n - a meat ration {@e1}
 q - 2 fruits {@e2}
 s - a beef jerky {@e2}


   Skills:
 - Level 2.3 Fighting
 + Level 0.2 Bows
 - Level 2.0 Throwing
 - Level 3.4 Dodging
 - Level 3.1 Spellcasting
 - Level 5.4 Hexes


You had 2 spell levels left.
You knew the following spells:

 Your Spells              Type           Power        Failure   Level  Hunger
w - Slow                  Hex            ###.....     4%          2    ##.....
x - Cause Fear            Hex            ###.......   28%         4    ####...
z - Corona                Hex            ###....      2%          1    None
B - Summon Butterflies    Summ           #.......     24%         1    None


Dungeon Overview and Level Annotations

Branches:
Dungeon (3/15)

Altars:
Fedhas

Annotations:
D:3 Purgy


Message History

The goblin shoots a stone.
The stone barely misses you.
The goblin shoots a stone.
The stone hits you but does no damage.
Your magical contamination has completely faded away.
You see here a stone.
The goblin shoots a stone.
The stone hits you but does no damage.
You see here a stone.
The goblin shoots a stone.
The stone closely misses you.
You see here a stone.
Things that are here:
a leather armour; a hand axe
There is an escape hatch in the ceiling, spattered with blood here.
A mysterious force pulls you upwards. The hatch slams shut behind you.
You start resting.
Magic restored.
Unknown command.
You start resting.
You are near starving!
Are you sure you want to abandon this character and quit the game? (Confirm with "yes".)
Okay, then.
Are you sure you want to abandon this character and quit the game? (Confirm with "yes".)

░......>........
░░░░.░░.░░░░░░░.
░.░░.░ ░) ░░.░░.░
░░░░░. ░..░░.░
░..... ░..░░.░
░.░░░.
░).░░.░░░.░░░.
░░░░░░░..░..........
░..e.)...░..........
░░░░░...............
░.░..░..........
░.░..░..........
░░░░░.░..░..░░░.░░░.
░...................
░░░░░...[.......░░░.
░.░..░..░..░░░░░
░......[░..░░░..


There were no monsters in sight!

Vanquished Creatures
  4 gnolls (D:2)
  3 adders (D:2)
  An ooze (D:2)
  4 worms
  A dart slug (D:3)
  3 giant geckos (D:2)
  An orc (D:3)
  A ball python (D:1)
  4 giant cockroaches
  8 goblins
  11 hobgoblins
  3 jackals
  3 quokkas
  5 bats
  5 giant newts
  13 kobolds
  4 rats
74 creatures vanquished.

Notes
Turn   | Place    | Note
--------------------------------------------------------------
     0 | D:1      | utis the Deep Elf Arcane Marksman began the quest for the Orb.
     0 | D:1      | Reached XP level 1. HP: 11/11 MP: 5/5
   100 | D:1      | Reached skill level 1 in Fighting
   485 | D:1      | Reached XP level 2. HP: 12/16 MP: 4/6
   875 | D:1      | Learned a level 2 spell: Slow
  2211 | D:2      | Reached XP level 3. HP: 18/20 MP: 4/8
  2842 | D:2      | Found a faded altar to an unknown god.
  3200 | D:2      | Reached skill level 5 in Hexes
  3236 | D:2      | Found a blossoming altar of Fedhas.
  3330 | D:2      | Reached XP level 4. HP: 13/25 MP: 7/10
  4786 | D:2      | Learned a level 1 spell: Summon Butterflies
  4791 | D:2      | Learned a level 4 spell: Cause Fear
  5036 | D:3      | Noticed Purgy
  5037 | D:3      | wow
  5159 | D:3      | Reached XP level 5. HP: 30/30 MP: 11/11
  6289 | D:2      | Quit the game

Vault maps used:
D:1:      shiori_shiawase
D:2:      ecumenical_altar_1, fedhas_altar_2
D:3:      minmay_overflow_temple_star_hex, tso_oasis_becter, uniq_purgy,
          uniq_crazy_yiuf_cottage

Skill      XL: |  1  2  3  4 |
---------------+-------------+-----
Fighting       | 1 2 |  2.3
Dodging        | 3 |  3.4
Spellcasting   | 2 3 |  3.1
Hexes          | 5 |  5.4
Bows           | |  0.2
Throwing       | |  2.0

Action                   |  1- 3 |  4- 6 || total
-------------------------+-------+-------++-------
Melee: Whip              |    63 |     6 ||    69
       Unarmed           |     2 |       ||     2
       Short sword       |    73 |   202 ||   275
 Fire: Longbow           |       |     4 ||     4
Throw: Stone             |    92 |    30 ||   122
       Javelin           |     8 |     5 ||    13
       Throwing net      |       |     2 ||     2
 Cast: Corona            |    11 |     3 ||    14
       Slow              |    23 |    49 ||    72
       Summon Butterflie |       |     2 ||     2
  Use: Scroll            |     2 |     2 ||     4
       Potion            |       |     1 ||     1
 Stab: Invisible         |       |     3 ||     3
  Eat: Chunk             |     9 |    11 ||    20
